 Dungeon Crawl Stone Soup version 0.28-a0-794-gafe8c5f9e9 (webtiles) character file.

Game seed: 9220744975488084183

4636 vurker the Thaumaturge (level 10, -2/76 HPs)
             Began as a Djinni Air Elementalist on Nov 5, 2021.
             Killed from afar by a manticore (13 damage)
             ... with a volley of spikes
             ... on level 7 of the Dungeon.
             The game lasted 00:12:57 (10466 turns).

vurker the Thaumaturge (Djinni Air Elementalist)   Turns: 10466, Time: 00:12:58

Health: -2/76      AC:  5    Str:  7    XL:     10   Next: 70%
Gold:   357        EV: 13    Int: 27    God:
                   SH:  6    Dex: 13

rFire   + + .      SeeInvis +   o - +0 dagger (venom)
rCold   x . .      Faith    .   f - +1 buckler
rNeg    . . .      Spirit   .   a - +0 robe
rPois   ∞          Reflect  .   e - +0 helmet
rElec   .          Harm     .   k - +0 cloak
rCorr   .          Rampage  .   t - +0 pair of gloves
Will    +....                   (boots unavailable)
Stlth   ++........              (no amulet)
HPRegen 0.22/turn               b - ring of see invisible
MPRegen 0.00/turn               g - +6 ring of intelligence

@: spiked, flying
A: sickness immunity, fire resistance 2, cold vulnerability 1, float, innate
caster, hp casting, extra vitality 1
a: no special abilities


You were on level 7 of the Dungeon.
You visited 2 branches of the dungeon, and saw 9 of its levels.

You collected 412 gold pieces.
You spent 55 gold pieces at shops.

Inventory:

Hand Weapons
 o - a +0 dagger of venom (weapon)
   (You took it off a goblin on level 2 of the Dungeon)
Armour
 a - a +0 robe (worn)
 e - a +0 helmet (worn)
   (You took it off Robin on level 2 of the Dungeon)
 f - a +1 buckler (worn)
   (You found it on level 5 of the Dungeon)
 k - a +0 cloak (worn)
   (You took it off Crazy Yiuf on level 5 of the Dungeon)
 t - a +0 pair of gloves (worn)
   (You found it on level 5 of the Dungeon)
Magical Staves
 l - a staff of earth
   (You found it on level 7 of the Dungeon)
Jewellery
 b - a ring of see invisible (left hand)
   (You found it on level 1 of the Dungeon)
 g - a +6 ring of intelligence (right hand)
   (You found it on level 1 of the Dungeon)
Wands
 d - a wand of iceblast (2)
   (You found it on level 6 of the Dungeon)
Scrolls
 m - a scroll of identify
Potions
 c - 4 potions of attraction
 h - 6 potions of curing
 i - a potion of ambrosia
 j - 2 potions of cancellation
 n - 2 potions of mutation
 r - a potion of haste
 s - a potion of lignification
 w - a potion of heal wounds {unknown}


   Skills:
 + Level 8.1 Fighting
 + Level 3.2 Dodging
 - Level 1.5 Stealth
 - Level 4.0 Shields
 * Level 9.3 Spellcasting


You had 7 spell levels left.
You knew the following spells:

 Your Spells              Type           Power      Damage    Failure   Level
a - Shock                 Conj/Air       100%       1d9       1%          1
b - Foxfire               Conj/Fire      100%       2x1d9     1%          1
c - Airstrike             Air            29%        N/A       1%          4
d - Swiftness             Air            58%        N/A       1%          3
e - Static Discharge      Conj/Air       58%        N/A       1%          2
f - Searing Ray           Conj           100%       2d8       1%          2
g - Dazzling Flash        Conj/Hex       100%       N/A       1%          3
h - Passage of Golubria   Tloc           58%        N/A       1%          4
Your spell library was empty.

Dungeon Overview and Level Annotations

Branches:
Dungeon (8/15)             Temple (1/1) D:6
   Lair: D:8-11

Altars:
Ashenzari
Cheibriados
Dithmenos
Fedhas
Hepliaklqana
Kikubaaqudgha
Nemelex Xobeh
Okawaru
Ru
Trog
Vehumet
Wu Jian
Yredelemnul

Shops:
D:5 ?


Innate Abilities, Weirdness & Mutations

You are immune to sickness and miasma.
You are immune to poison.
Your flesh is very heat resistant. (rF++)
You are vulnerable to cold. (rC-)
You float through the air rather than walking.
You learn spells naturally, not from books.
Your magical power is your life essence.
You have superior vitality. (+4 HP)


Message History

There is a stone staircase leading up here.
A death yak is nearby!
Aim: a death yak (moderately wounded, empty space bonus: 6/8)
The air twists around and strikes the death yak!
You fly upwards.
There is a stone staircase leading down here.
Aim: an acid dragon (empty space bonus: 8/8)
The air twists around and strikes the acid dragon!
Aim: an acid dragon (heavily wounded, empty space bonus: 8/8)
The air twists around and strikes the acid dragon!!
You kill the acid dragon!
Your Fighting skill increases to level 8!
You see here an amulet of guardian spirit.
A manticore comes into view.
The deep elf pyromancer shouts!
The deep elf pyromancer casts a spell at you.
The bolt of fire misses you.
The deep elf pyromancer casts a spell at you.
The bolt of fire misses you.
The deep elf pyromancer casts a spell at you.
The bolt of fire misses you.
The deep elf pyromancer mumbles some strange words.
The deep elf pyromancer blinks!
There is a stone staircase leading up here.
Aim: a deep elf pyromancer, wielding a +0 short sword (empty space bonus: 5/8)
The air twists around and strikes the deep elf pyromancer!
The deep elf pyromancer points at you and mumbles some strange words.
The bolt of fire hits you! You resist.
Aim: a deep elf pyromancer, wielding a +0 short sword (moderately wounded, empty space bonus: 5/8)
The air twists around and strikes the deep elf pyromancer!!
The deep elf pyromancer points at you and mumbles some strange words.
The bolt of fire hits you! You resist.
* * * LOW HITPOINT WARNING * * *
Aim: a deep elf pyromancer, wielding a +0 short sword (severely wounded, empty space bonus: 5/8)
The air twists around and strikes the deep elf pyromancer!
You kill the deep elf pyromancer!
* * * LOW HITPOINT WARNING * * *
The manticore flicks its tail.
The volley of spikes hits you!!
The barbed spikes become lodged in your body.
* * * LOW HITPOINT WARNING * * *
Your Dodging skill increases to level 3!
The barbs in your skin will harm you if you move.
Continue?
Okay, then.
A manticore is nearby!
The barbs in your skin will harm you if you move.
Continue?
The manticore flicks its tail.
The volley of spikes hits you!
The barbed spikes become lodged in your body.
You die...

....,#.##.#..#P....#.#
######..#H##.#######.#
..([[).....H.........############
..##..#######.#.###......"...[...
#####..## *#....##...[...>..[...
##..# #..##H##.............. ##.#
#.###..........[......
#.####.###).##.....[[......
#.##...##.@.[..............
#######.:....(.....#.............
............###..###.............
..######C#### #.## #...##########
### *...####.######## #
*##........# ## ##.......# .#
#.......# ####### .# #.......#
#.....#


You could see a manticore.

Vanquished Creatures
  A deep elf pyromancer (D:7)
  An ugly thing (D:7)
  Joseph (D:7)
  An unseen horror (D:7)
  A shadow (D:7)
  A vampire (D:7)
  A steam dragon (D:7)
  Menkaure (D:4)
  An acid dragon (D:7)
  Edmund (D:6)
  A water moccasin (D:7)
  2 black bears
  A necrophage (D:6)
  An ogre (D:7)
  2 centaurs
  Blork the orc (D:4)
  A kobold brigand (D:7)
  2 bullfrogs (D:6)
  A wyvern zombie (D:7)
  A water moccasin skeleton (D:6)
  16 wights
  A howler monkey (D:5)
  Crazy Yiuf (D:5)
  An orc priest (D:4)
  2 centaur skeletons
  A gnoll shaman (D:4)
  4 hounds
  Jessica (D:2)
  2 bullfrog skeletons (D:5)
  3 iguanas (D:7)
  2 orc wizards
  A killer bee zombie (D:8)
  Robin (D:2)
  8 gnolls
  A howler monkey skeleton (D:7)
  4 adders
  2 worms
  6 orcs
  7 ball pythons
  6 endoplasms
  5 giant cockroaches
  15 hobgoblins
  5 jackals
  2 quokkas
  A bat (D:2)
  2 frilled lizards
  15 goblins
  11 kobolds
  6 rats
  A spectral orc (D:4)
156 creatures vanquished.

Vanquished Creatures (others)
  306 foxfires
  11 plants (D:7)
317 creatures vanquished.

Grand Total: 473 creatures vanquished

Notes
Turn   | Place    | Note
-------+----------+-------------------------------------------
     0 | D:1      | vurker the Djinni Air Elementalist began the quest for the
                  | Orb.
     0 | D:1      | Reached XP level 1. HP: 15/15 MP: 0/0
   494 | D:1      | Reached XP level 2. HP: 21/22 MP: 0/0
   872 | D:1      | Reached skill level 1 in Fighting
  1303 | D:2      | Reached XP level 3. HP: 26/27 MP: 0/0
  1303 | D:2      | Learned a level 1 spell: Foxfire
  1312 | D:2      | Reached skill level 3 in Spellcasting
  1312 | D:2      | Noticed Robin
  1329 | D:1      | HP: 1/27 [goblin[Robin] (1)]
  1602 | D:2      | Killed Robin
  2020 | D:2      | Found a faded altar of an unknown god.
  2042 | D:2      | Reached XP level 4. HP: 30/32 MP: 0/0
  2501 | D:2      | Noticed Jessica
  2504 | D:2      | Killed Jessica
  2677 | D:3      | Reached XP level 5. HP: 34/38 MP: 0/0
  2677 | D:3      | Learned a level 2 spell: Searing Ray
  3657 | D:4      | Reached skill level 4 in Spellcasting
  3676 | D:4      | Reached XP level 6. HP: 37/45 MP: 0/0
  3875 | D:4      | Noticed Blork the orc
  3887 | D:4      | Killed Blork the orc
  3959 | D:4      | Noticed Menkaure
  3973 | D:4      | Killed Menkaure
  3974 | D:4      | Reached XP level 7. HP: 26/51 MP: 0/0
  3974 | D:4      | Learned a level 3 spell: Dazzling Flash
  4187 | D:4      | Reached skill level 5 in Spellcasting
  4693 | D:4      | Found a basalt altar of Yredelemnul.
  4725 | D:5      | Entered Level 5 of the Dungeon
  5119 | D:5      | Reached XP level 8. HP: 47/58 MP: 0/0
  5222 | D:5      | Found Toch's Magic Scroll Shoppe.
  5230 | D:5      | Bought a scroll of identify for 22 gold pieces
  5230 | D:5      | Bought a scroll of teleportation for 33 gold pieces
  5381 | D:5      | Found a runed translucent door.
  5382 | D:5      | Noticed Crazy Yiuf
  5712 | D:5      | Killed Crazy Yiuf
  5833 | D:6      | Found a staircase to the Ecumenical Temple.
  5848 | Temple   | Entered the Ecumenical Temple
  6101 | D:6      | Noticed Edmund
  6120 | D:6      | Killed Edmund
  6121 | D:6      | Reached skill level 1 in Shields
  6121 | D:6      | Reached skill level 6 in Spellcasting
  6457 | D:6      | Reached skill level 5 in Fighting
  7006 | D:6      | Reached XP level 9. HP: 40/65 MP: 0/0
  7006 | D:6      | Learned a level 4 spell: Passage of Golubria
  7418 | D:6      | Reached skill level 7 in Spellcasting
  7719 | D:7      | Noticed Joseph
  7732 | D:7      | Killed Joseph
  8427 | D:7      | Noticed a boulder beetle
  8427 | D:7      | Noticed a deep elf pyromancer
  8427 | D:7      | Noticed a cyclops
  8442 | D:7      | Noticed a white ugly thing
  8457 | D:7      | Killed a white ugly thing
  8458 | D:7      | Reached skill level 8 in Spellcasting
  8458 | D:7      | Reached XP level 10. HP: 48/75 MP: 0/0
  8758 | D:7      | Found a broken altar of Ashenzari.
  8782 | D:7      | Noticed a boulder beetle
  9644 | D:7      | Reached skill level 9 in Spellcasting
  9843 | D:7      | Noticed an unseen horror
  9846 | D:7      | Killed an unseen horror
 10409 | D:8      | Noticed a death yak
 10416 | D:8      | Noticed a death yak
 10446 | D:7      | Noticed a manticore
 10465 | D:7      | Killed a deep elf pyromancer
 10466 | D:7      | Killed from afar by a manticore

Illustrated notes

Levels and vault maps discovered:
D:1:      dpeg_arrival_houses_and_road, layout_loops_ring, minivault_19,
          minmay_pentomino_u4
D:2:      layout_basic, basic_ecumenical_altar, uniq_robin, uniq_jessica
D:3:      layout_rooms
D:4:      layout_basic, yredelemnul_forgotten_temple_becter, uniq_menkaure,
          uniq_blork_the_orc
D:5:      layout_basic, serial_shops, shop_scrolls, uniq_crazy_yiuf_cottage
D:6:      layout_basic, minmay_temple_entry_stoned_glass,
          grunt_decor_mini_mirrors, uniq_edmund
D:7:      layout_rooms, general_overflow_altar, minivault_11,
          minmay_shattered_shrine, uniq_joseph
D:8:      layout_basic, dpeg_lair_monsters, gammafunk_ghost_nasty_kobolds,
          uniq_harold
Temple:   minmay_temple_curvy_loop

Skill      XL: |  1  2  3  4  5  6  7  8  9 10 |
---------------+-------------------------------+-----
Fighting       | 1 2 3 4 5 7 8 |  8.1
Spellcasting   | 3 4 5 6 8 9 |  9.3
Shields        | 2 4 |  4.0
Dodging        | 3 |  3.2
Stealth        | |  1.5

Action                   |  1- 3 |  4- 6 |  7- 9 | 10-12 || total
-------------------------+-------+-------+-------+-------++-------
Melee: Dagger            |       |     1 |     4 |       ||     5
 Cast: Shock             |    57 |    40 |    57 |     1 ||   155
       Foxfire           |    13 |    92 |    65 |       ||   170
       Airstrike         |       |       |    53 |    64 ||   117
Evoke: Wand              |       |       |       |     3 ||     3
  Use: Potion            |     1 |       |       |       ||     1
       Scroll            |       |       |    15 |     4 ||    19
Armor: Robe              |     3 |     3 |    12 |       ||    18
Dodge: Dodged            |    16 |     7 |    22 |    10 ||    55
Block: Buckler           |       |       |     7 |     5 ||    12

Table legend: (Time is in decaauts)
 A = Elapsed time spent in this place.
 B = Non-inter-level travel time spent in this place.
 C = Inter-level travel time spent in this place.
 D = Time resting spent in this place.
 E = Time spent auto-exploring this place.
 F = Levels seen in this place.
 G = Mean time per level.
                   A        B        C        D        E       F      G
               +--------+--------+--------+--------+--------+-----+--------+
         Total |  10469 |  10267 |    202 |    925 |   8205 |   9 | 1163.2 |
       Dungeon |  10228 |  10051 |    177 |    925 |   7993 |   8 | 1278.5 |
        Temple |    241 |    216 |     25 |      0 |    212 |   1 |  241.0 |
               +--------+--------+--------+--------+--------+-----+--------+

Top non-repeatable levels by time:
     D:7: 2185 daAuts
     D:6: 2094 daAuts
     D:1: 1711 daAuts
     D:4: 1292 daAuts
     D:5: 1107 daAuts
     D:2: 962 daAuts
     D:3: 759 daAuts
  Temple: 241 daAuts
     D:8: 113 daAuts
